 Dungeon Crawl Stone Soup version 0.31.0-11-ge490571c62 (webtiles) character file.

Game seed: 17225958984507012660

111 qw the Ducker (level 4, -9/23 HPs)
             Began as a Spriggan Hunter on Feb 3, 2024.
             Blown up by Ijyb (20 damage)
             ... with a mindburst bolt
             ... on level 3 of the Dungeon.
             The game lasted 00:00:04 (1598 turns).

qw the Ducker (Spriggan Hunter)                     Turns: 1598, Time: 00:00:04

Health: -9/23      AC:  2    Str:  7    XL:     4   Next: 62%
Magic:  5/5        EV: 20    Int: 10    God:
Gold:   92         SH:  0    Dex: 20    Spells: 3/3 levels left

rFire   . . .        a - +0 shortbow
rCold   . . .        (shield currently unavailable)
rNeg    . . .        c - +0 robe
rPois   .            (helmet restricted)
rElec   .            (no cloak)
rCorr   .            (gloves unavailable)
SInv    +            (boots unavailable)
Will    .....        (no amulet)
Stlth   ++           (no ring)
HPRegen 0.23/turn    (no ring)
MPRegen 0.09/turn

%: no passive effects
@: very quick
A: very small, no large weapons, unfitting armour, see invisible, speed 3
a: no special abilities


You were on level 3 of the Dungeon.
You visited 1 branch of the dungeon, and saw 3 of its levels.

You collected 92 gold pieces.


Innate Abilities, Weirdness & Mutations

You are very small and have problems with some larger weapons.
You are too small for most types of armour.
You have supernaturally acute eyesight. (SInv)
You cover ground extremely quickly. (Speed+++)


   Skills:
 + Level 1.7 Fighting
 - Level 5.0 Ranged Weapons
 - Level 5.1 Dodging
 - Level 1.5 Stealth


You had 3 spell levels left.
You didn't know any spells.
Your spell library was empty.

Inventory:

Hand Weapons
 a - a +0 shortbow (weapon)
Armour
 c - a +0 robe (worn)
Scrolls
 g - 2 scrolls of enchant armour
Potions
 b - a potion of heal wounds
 d - a potion of might {unknown}
 e - 2 potions of ambrosia {unknown}
 f - a potion of enlightenment {unknown}
 h - a potion of berserk rage {unknown}

Dungeon Overview and Level Annotations

Branches:
Dungeon (3/15)

Altars:

Annotations:
D:3 Ijyb


Message History

Enter note:
d - a sapphire potion A dart slug comes into view.
You shoot an arrow. The arrow hits the dart slug.
The dart slug is moderately wounded.
You shoot an arrow. The arrow barely misses the dart slug.
You shoot an arrow. The arrow hits the dart slug.
The dart slug is almost dead.
The dart slug launches a dart at you. The slug dart hits you.
You shoot an arrow. The arrow hits the dart slug.
You kill the dart slug!
You start resting.
HP restored.
You now have 75 gold pieces (gained 3).
You now have 92 gold pieces (gained 17).
Ijyb the Twisted Goblin comes into view.
She is wielding a +0 dagger and carrying a wand of mindburst.
Ijyb shouts!
You shoot an arrow. The arrow hits Ijyb.
Ijyb is lightly wounded.
You shoot an arrow. The arrow closely misses Ijyb.
You shoot an arrow. The arrow hits Ijyb but does no damage.
Ijyb is lightly wounded.
Ijyb completely misses you.
You shoot an arrow. The arrow hits Ijyb but does no damage.
Ijyb is lightly wounded.
Ijyb completely misses you. Ijyb barely misses you.
You shoot an arrow. The arrow hits Ijyb.
Ijyb is lightly wounded.
Ijyb hits you with a +0 dagger.
You shoot an arrow. The arrow hits Ijyb.
Ijyb is moderately wounded.
Ijyb zaps a wand.
Your mind is blasted!
You shoot an arrow. The arrow barely misses Ijyb.
Ijyb barely misses you.
You shoot an arrow. The arrow hits Ijyb but does no damage.
Ijyb is moderately wounded.
Ijyb zaps a wand.
Your mind is blasted!
Ouch! That really hurt!
You die...

.# .# .# .# .# .... #
########.#
.......#.#......g.#
.......#........@.#
.......###.......##
...............###
.........#####.#
.......#..####.#######
......................
...............#######
.......###.#####
.......# #..#


You could see Ijyb.

Vanquished Creatures
  Terence (D:2)
  6 adders (D:2)
  A ribbon worm (D:2)
  2 dart slugs
  An endoplasm (D:1)
  2 goblins
  6 hobgoblins
  A quokka (D:3)
  4 ball pythons
  A bat (D:1)
  2 frilled lizards
  3 kobolds
  2 rats
32 creatures vanquished.

Notes
Turn   | Place    | Note
-------+----------+-------------------------------------------
     0 | D:1      | qw the Spriggan Hunter began the quest for the Orb.
     0 | D:1      | Reached XP level 1. HP: 10/10 MP: 2/2
     0 | D:1      | 0 ||| qw: Version: 0.3-a-157-g843a77d
     0 | D:1      | 0 ||| qw: Game counter: 3738
     0 | D:1      | 0 ||| qw: Melee chars always use a shield: true
     0 | D:1      | 0 ||| qw: God list: Okawaru
     0 | D:1      | 0 ||| qw: Allow faded altars: false
     0 | D:1      | 0 ||| qw: Do Orc after clearing Dungeon:15 true
     0 | D:1      | 0 ||| qw: Do second Lair branch before Depths: true
     0 | D:1      | 0 ||| qw: Lair rune preference: random
     0 | D:1      | 0 ||| qw: Goals: Normal
     0 | D:1      | 0 ||| PLANNING D:1-11
   193 | D:1      | Reached skill level 3 in Dodging
   337 | D:1      | Found a faded altar of an unknown god.
   337 | D:1      | Noticed a red devil
   371 | D:1      | Reached XP level 2. HP: 14/14 MP: 3/3
   701 | D:1      | 701 ||| DROPPING ring of magical power.
   702 | D:1      | 702 ||| READING 3 scrolls labelled UKUOT IBBUS.
   702 | D:1      | 702 ||| ENCHANTING +0 shortbow.
   703 | D:1      | 703 ||| DRINKING 2 viscous black potions.
   704 | D:1      | 704 ||| DROPPING scroll of butterflies.
   731 | D:2      | Noticed Terence
   746 | D:2      | HP: 2/14 [Terence/+0 mace (4)]
   747 | D:2      | 747 ||| DRINKING potion of heal wounds.
   751 | D:2      | Killed Terence
   752 | D:2      | Reached XP level 3. HP: 9/18 MP: 4/4
   779 | D:2      | 779 ||| STAIRDANCE
   980 | D:2      | Reached XP level 4. HP: 22/22 MP: 5/5
  1413 | D:2      | 1413 ||| DROPPING ring of wizardry.
  1414 | D:2      | 1414 ||| READING scroll labelled XUOJOO QANA.
  1418 | D:2      | 1418 ||| READING scroll labelled PUQITH VUONUPT.
  1590 | D:3      | Noticed Ijyb
  1598 | D:3      | Blown up by Ijyb

Levels and vault maps discovered:
D:1:      dpeg_arrival_round_a, layout_basic,
          dreamdust_ecumenical_altar_sealed_demon, item_on_display_b
D:2:      layout_basic, kennysheep_generic_room_3, uniq_terence
D:3:      cheibrodos_thug_alley, layout_basic, chequers_serial_rivers_micro_d,
          uniq_ijyb

Skill      XL: |  1  2  3  4 |
---------------+-------------+-----
Dodging        | 3 4 5 |  5.1
Ranged Weapons | 5 |  5.0
Fighting       | |  1.7
Stealth        | |  1.5

Action                     |  1- 3 |  4- 6 || total
---------------------------+-------+-------++-------
   Fire: Shortbow          |    61 |    49 ||   110
    Use: Potion            |     2 |       ||     2
         Scroll            |     1 |     2 ||     3
 Armour: Robe              |     9 |     4 ||    13
  Dodge: Dodged            |    18 |     8 ||    26

Table legend:
 A = Non-vault XP
 B = Vault XP
 C = Vault XP percentage of total XP
 D = Non-vault monster count
 E = Vault monster count
 F = Vault count percentage of total count
                 A         B        C        D         E       F
            +---------+---------+-------+---------+---------+-------
      Total |     123 |      36 |  22.6 |      31 |       1 |   3.1
            +---------+---------+-------+---------+---------+-------
        D:1 |      19 |       0 |   0.0 |      11 |       0 |   0.0
        D:2 |      97 |      36 |  27.1 |      17 |       1 |   5.6
        D:3 |       7 |       0 |   0.0 |       3 |       0 |   0.0
            +---------+---------+-------+---------+---------+-------
